 Dungeon Crawl Stone Soup version 0.27-a0-931-g5a74e75d8f (webtiles) character file.

Game seed: 1669931566631884169

11 Alarkh the Insei (level 2, 9/22 HPs)
             Began as a Demonspawn Gladiator on Apr 10, 2021.
             Got out of the dungeon alive.
             The game lasted 00:00:15 (258 turns).

Alarkh the Insei (Demonspawn Gladiator)              Turns: 258, Time: 00:00:16

Health: 9/22       AC:  4    Str: 14    XL:     2   Next: 13%
Magic:  2/2        EV: 12    Int:  9    God:
Gold:   2          SH:  0    Dex: 14    Spells: 1/1 levels left

rFire    . . .     SeeInvis .     - Unarmed
rCold    . . .     Faith    .   (no shield)
rNeg     . . .     Spirit   .   a - +0 leather armour
rPois    .         Reflect  .   b - +0 helmet
rElec    .         Harm     .   (no cloak)
rCorr    .         Rampage  .   (no gloves)
Will     .....                  (no boots)
Stlth    +.........             (no amulet)
HPRegen  0.07/turn              (no ring)
MPRegen  0.08/turn              (no ring)

@: no status effects
A: ignite blood 1
a: no special abilities


You escaped.
You visited 1 branch of the dungeon, and saw 1 of its levels.

You collected 2 gold pieces.

Inventory:

Missiles
 c - 3 throwing nets (quivered)
Armour
 a - a +0 leather armour (worn)
 b - a +0 helmet (worn)
Potions
 d - 2 potions of flight {unknown}


   Skills:
 + Level 2.2 Fighting
 - Level 1.7 Throwing
 - Level 2.6 Dodging
 * Level 3.1 Unarmed Combat


You had one spell level left.
You didn't know any spells.
Your spell library was empty.

Dungeon Overview and Level Annotations

Branches:
Dungeon (1/15)

Altars:


Innate Abilities, Weirdness & Mutations

Your demonic aura sometimes causes spilled blood to erupt in flames


Message History

Your demonic ancestry asserts itself...
Your blood heats up.
The dart slug bites you.
* * * LOW HITPOINT WARNING * * *
You hit the dart slug.
The dart slug is moderately wounded.
You hit the dart slug but do no damage.
The dart slug is moderately wounded.
The dart slug closely misses you.
You hit the dart slug but do no damage.
The dart slug is moderately wounded.
The dart slug bites you but does no damage.
You hit the dart slug.
The dart slug is heavily wounded.
The dart slug launches a dart at you. The slug dart misses you.
You hit the dart slug but do no damage.
The dart slug is heavily wounded.
You hit the dart slug.
The dart slug is heavily wounded.
The dart slug barely misses you.
You hit the dart slug.
The dart slug is severely wounded.
The dart slug launches a dart at you. The slug dart misses you.
You hit the dart slug.
The dart slug is almost dead.
You completely miss the dart slug.
The dart slug is almost dead.
The dart slug completely misses you.
You hit the dart slug but do no damage.
The dart slug is almost dead.
You hit the dart slug.
You kill the dart slug!
You see here a dart slug corpse.
d - 2 sapphire potions Unknown command.
There is a staircase leading out of the dungeon here.
Are you sure you want to leave the Dungeon?
This will make you lose the game!
You have escaped!

..[..#..#..#
##.#.....#.## .##.
##..#.#...#..##....
##...#.รท####......# #
#................##
######...............##
............###.##.....#
#....#.....##.....#.....
#....#....#.....@.##....
#....#.....##.....# ....
............###.##.....#
.....................##.
#########............#
#...####......# ##.#..
........ #..... .####.#.
..#..#


There were no monsters in sight!

Vanquished Creatures
  A dart slug (D:1)
  An endoplasm (D:1)
  4 jackals (D:1)
  A quokka (D:1)
7 creatures vanquished.

Notes
Turn   | Place    | Note
-------+----------+-------------------------------------------
     0 | D:1      | Alarkh the Demonspawn Gladiator began the quest for the
                  | Orb.
     0 | D:1      | Reached XP level 1. HP: 16/16 MP: 1/1
    59 | D:1      | Reached skill level 3 in Unarmed Combat
   213 | D:1      | Gained mutation: Your demonic aura sometimes causes spilled
                  | blood to erupt in flames [demonic ancestry]
   213 | D:1      | Reached XP level 2. HP: 7/22 MP: 2/2
   258 | D:$      | Got out of the dungeon alive.

Illustrated notes

Levels and vault maps discovered:
D:1:      erik_arrival_blinker_ship, layout_loops_corners, serial_shops, shop,
          serial_park_tiny_2, grunt_decor_one_mirror

Skill      XL: |  1 |
---------------+----+-----
Unarmed Combat | 3 |  3.1
Fighting       | |  2.2
Throwing       | |  1.7
Dodging        | |  2.6

Action                   || total
-------------------------++-------
Melee: Unarmed           ||    41
       Punch             ||     1
 Stab: Sleeping          ||     1
Armor: Leather armour    ||     8
Dodge: Dodged            ||    23

Table legend: (Time is in decaauts)
 A = Elapsed time spent in this place.
 B = Non-inter-level travel time spent in this place.
 C = Inter-level travel time spent in this place.
 D = Time resting spent in this place.
 E = Time spent auto-exploring this place.
 F = Levels seen in this place.
 G = Mean time per level.
                   A        B        C        D        E       F      G
               +--------+--------+--------+--------+--------+-----+--------+
         Total |    256 |    230 |     26 |      0 |    171 |   1 |  256.0 |
       Dungeon |    256 |    230 |     26 |      0 |    171 |   1 |  256.0 |
               +--------+--------+--------+--------+--------+-----+--------+

Top non-repeatable levels by time:
     D:1: 256 daAuts
